 Dungeon Crawl Stone Soup version 0.28.0-47-ge53b351184 (webtiles) character file.

Game seed: 11360341024077425452

422 nickcage the Chiller (level 6, -1/30 (32) HPs)
             Began as a Deep Elf Ice Elementalist on May 3, 2022.
             Slain by Grinder (4 damage)
             ... while paralysed by Grinder
             ... on level 5 of the Dungeon.
             The game lasted 00:15:19 (4915 turns).

nickcage the Chiller (Deep Elf Ice Elementalist)    Turns: 4915, Time: 00:15:20

HP:   -1/30 (32)    AC:  3    Str:  5    XL:     6   Next: 63%
MP:   15/16         EV:  2    Int: 22    God:
Gold: 200           SH:  0    Dex: 15    Spells: 5/16 levels left

rFire   . . .      SeeInvis .   u - +2 dagger (drain)
rCold   . . .      Faith    .   (no shield)
rNeg    . . .      Spirit   .   a - +0 robe
rPois   .          Reflect  .   (no helmet)
rElec   .          Harm     .   (no cloak)
rCorr   +          Rampage  .   (no gloves)
Will    .....                   l - +0 pair of boots
Stlth   ++........              r - amulet of regeneration
HPRegen 0.90/turn               d - ring of resist corrosion
MPRegen 0.15/turn               (no ring)

@: paralysed, drained
A: no striking features
a: no special abilities


You were on level 5 of the Dungeon.
You visited 1 branch of the dungeon, and saw 5 of its levels.

You collected 200 gold pieces.

Inventory:

Hand Weapons
 c - a +0 dagger
 n - a +1 dagger of pain
 u - a +2 dagger of draining (weapon)
Armour
 a - a +0 robe (worn)
 l - a +0 pair of boots (worn)
Magical Staves
 j - a staff of death
Jewellery
 d - a ring of resist corrosion (left hand)
 r - an amulet of regeneration (around neck)
Scrolls
 b - 2 scrolls of vulnerability {unknown}
 e - a scroll of fog {unknown}
 f - 3 scrolls of identify {unknown}
 h - a scroll of enchant weapon {unknown}
 i - a scroll of torment {unknown}
 o - a scroll of enchant armour {unknown}
 q - a scroll of amnesia {unknown}
Potions
 g - a potion of flight {unknown}
 k - 2 potions of curing {unknown}
 m - 2 potions of degeneration {unknown}
 p - a potion of might {unknown}
 s - a potion of ambrosia {unknown}
 t - 2 potions of haste {unknown}


   Skills:
 - Level 2.4 Dodging
 - Level 2.4 Stealth
 + Level 5.9 Spellcasting
 * Level 0.4 Conjurations
 * Level 7.6 Ice Magic


You had 5 spell levels left.
You knew the following spells:

 Your Spells              Type           Power      Damage    Failure   Level
a - Freeze                Ice            100%       1d11      1%          1
b - Frozen Ramparts       Ice            80%        1d10      1%          3
c - Ozocubu's Armour      Ice            40%        N/A       1%          3
d - Hailstorm             Conj/Ice       24%        3d7       17%         4

Your spell library contained the following spells:

 Spells                   Type           Power      Damage    Failure   Level
 Animate Skeleton         Necr           12%        N/A       10%         1
 Pain                     Necr           24%        1d5       10%         1
 Gell's Gravitas          Tloc           6%         N/A       28%         3
 Teleport Other           Tloc           6%         N/A       28%         3
 Vampiric Draining        Necr           6%         2d6       28%         3
 Dispersal                Tloc           3%         N/A       100%        6


Dungeon Overview and Level Annotations

Branches:
Dungeon (5/15)
 Temple: D:4-7

Altars:
Dithmenos
Elyvilon
Fedhas
Ru
Zin
The Shining One

Annotations:
D:5 Grinder


Message History

The frozen ramparts melt away.
Grinder gestures at you.
You struggle to resist.
Your icy armour will break if you move.
Continue? [Y]es or [N]o only, please.
Your icy armour will break if you move.
Continue?
Your icy armour cracks and falls away as you move.
Grinder blinks!
There is a stone staircase leading up here.
Grinder blinks!
Grinder gestures at you. You resist with some effort.
There is a stone staircase leading up here.
You hit Grinder but do no damage. Your punch misses Grinder.
Grinder is moderately wounded.
Grinder barely misses you.
You hit Grinder but do no damage.
Grinder is moderately wounded.
Grinder hits you.
You writhe in agony.
You hit Grinder.
Grinder is moderately wounded.
Grinder gestures at you.
You struggle to resist.
You hit Grinder but do no damage.
Grinder is moderately wounded.
Grinder blinks!
Grinder blinks!
Grinder hits you.
You writhe in agony.
You barely miss Grinder.
Grinder is moderately wounded.
Grinder gestures at you.
You suddenly lose the ability to move!
Grinder hits you!
You writhe in agony.
Grinder gestures at you. Pain shoots through your body!
* * * LOW HITPOINT WARNING * * *
Grinder hits you.
* * * LOW HITPOINT WARNING * * *
Grinder hits you.
You die...

###.... .......
≈≈≈≈... ≈≈≈≈≈..
.._≈≈.. ≈≈≈≈≈..
≈≈≈≈...###########
.......<...@5....#
....############.#
. #


You could see Grinder.

Vanquished Creatures
  2 black bears (D:4)
  An orc wizard (D:4)
  Robin (D:3)
  3 gnolls (D:3)
  6 adders
  An adder skeleton (D:4)
  2 worms
  3 dart slugs
  5 orcs (D:4)
  7 ball pythons
  5 bats
  11 endoplasms
  6 giant cockroaches
  9 hobgoblins
  3 jackals (D:4)
  A quokka (D:3)
  3 frilled lizards
  18 goblins
  9 kobolds
  6 rats
102 creatures vanquished.

Notes
Turn   | Place    | Note
-------+----------+-------------------------------------------
     0 | D:1      | nickcage the Deep Elf Ice Elementalist began the quest for
                  | the Orb.
     0 | D:1      | Reached XP level 1. HP: 10/10 MP: 6/6
   281 | D:1      | Reached XP level 2. HP: 8/15 MP: 2/8
   546 | D:1      | Reached skill level 5 in Ice Magic
  1062 | D:1      | Reached XP level 3. HP: 19/19 MP: 8/10
  1066 | D:1      | Learned a level 3 spell: Frozen Ramparts
  1070 | D:1      | Learned a level 3 spell: Ozocubu's Armour
  1824 | D:2      | Found a faded altar of an unknown god.
  2298 | D:3      | Reached XP level 4. HP: 24/24 MP: 8/12
  2438 | D:3      | Found a glowing silver altar of Zin.
  2517 | D:3      | Reached skill level 6 in Ice Magic
  2571 | D:3      | Noticed Robin
  2911 | D:3      | Killed Robin
  2912 | D:3      | Reached XP level 5. HP: 24/28 MP: 4/14
  3585 | D:4      | Found a shadowy altar of Dithmenos.
  3653 | D:4      | Noticed a black bear
  3703 | D:4      | Found a blossoming altar of Fedhas.
  3743 | D:4      | Noticed a black bear
  3763 | D:4      | Killed a black bear
  3764 | D:4      | Reached skill level 5 in Spellcasting
  3764 | D:4      | Reached skill level 7 in Ice Magic
  3766 | D:4      | Killed a black bear
  3767 | D:4      | Reached XP level 6. HP: 21/32 MP: 3/16
  3772 | D:4      | Learned a level 4 spell: Hailstorm
  3912 | D:4      | Noticed an ice beast
  4494 | D:4      | Found a white marble altar of Elyvilon.
  4520 | D:4      | Found a glowing golden altar of the Shining One.
  4864 | D:5      | Entered Level 5 of the Dungeon
  4864 | D:5      | Noticed Grinder
  4864 | D:5      | Found a sacrificial altar of Ru.
  4873 | D:5      | Paralysed by Grinder for 5 turns
  4911 | D:5      | Paralysed by Grinder for 6 turns
  4915 | D:5      | Slain by Grinder

Illustrated notes

Levels and vault maps discovered:
D:1:      eino_arrival_water_cross, layout_basic
D:2:      layout_rooms, hellmonk_ecumenical_altar_crossroads
D:3:      layout_loops_ring, mainiacjoe_overflow_concentric_impassable,
          st_stairs_12, uniq_robin
D:4:      layout_layer_cave, lemuel_doored_altar, marbit_many_paths,
          lemuel_round_altar, nicolae_dithmenos_shadow_blocks, serial_shops,
          nicolae_shop_competitors_out_of_business, serial_rivers,
          chequers_serial_rivers_room_b, chequers_serial_rivers_micro_e,
          chequers_serial_rivers_micro_e, chequers_serial_rivers_large_b,
          chequers_serial_rivers_micro_b, grunt_decor_mini_mirrors,
          grunt_ministairs_11
D:5:      layout_loops_ring, mainiacjoe_overflow_catwalk,
          minmay_temple_entry_hall, ebering_ghost_reflecting_pool,
          kennysheep_flooded_box, st_stairs_1, uniq_grinder, uniq_edmund,
          uniq_pikel, uniq_duvessa

Skill      XL: |  1  2  3  4  5 |
---------------+----------------+-----
Ice Magic      | 5 6 7 |  7.6
Spellcasting   | 4 5 |  5.9
Dodging        | |  2.4
Stealth        | |  2.4
Conjurations   | |  0.4

Action                   |  1- 3 |  4- 6 || total
-------------------------+-------+-------++-------
Melee: Dagger            |    17 |    43 ||    60
       Punch             |       |     2 ||     2
 Cast: Freeze            |    62 |    54 ||   116
       Frozen Ramparts   |     1 |     7 ||     8
       Ozocubu's Armour  |     1 |     6 ||     7
 Stab: Sleeping          |     6 |     6 ||    12
Armor: Robe              |    15 |    26 ||    41
Dodge: Dodged            |    33 |    48 ||    81
